 Dungeon Crawl Stone Soup version 0.28-a0-925-gd5e1996cdb (webtiles) character file.

Game seed: 6641310353386110530

4093 swappor the Severer (level 10, -9/117 HPs)
             Began as a Minotaur Berserker on Nov 26, 2021.
             Was an Elder of Trog.
             Killed from afar by Maurice (38 damage)
             ... with a bolt of acid
             ... on level 8 of the Dungeon.
             The game lasted 00:31:39 (6776 turns).

swappor the Severer (Minotaur Berserker)            Turns: 6776, Time: 00:31:40

Health: -9/117     AC: 13    Str: 25    XL:     10   Next: 5%
Magic:  9/9        EV:  6    Int:  4    God:    Trog [****..]
Gold:   466        SH:  3    Dex: 10    Spells: 9/9 levels left

rFire   . . .      SeeInvis .   p - +1 war axe (chaos)
rCold   . . .      Faith    .   j - +0 buckler
rNeg    . . .      Spirit   .   o - +0 plate armour
rPois   +          Reflect  .   a - +1 hat
rElec   .          Harm     .   l - +0 cloak
rCorr   .          Rampage  .   (no gloves)
Will    .....                   (no boots)
Stlth   ..........              g - amulet of regeneration
HPRegen 1.09/turn               P - ring of poison resistance
MPRegen 0.11/turn               (no ring)

@: berserking (expiring), very quick
A: horns 2, retaliatory headbutt
a: Renounce Religion, Berserk, Trog's Hand, Brothers in Arms


You were on level 8 of the Dungeon.
You worshipped Trog.
Trog was greatly pleased with you.
You visited 1 branch of the dungeon, and saw 8 of its levels.

You collected 466 gold pieces.


Innate Abilities, Weirdness & Mutations

You have a pair of horns on your head.
You reflexively headbutt those who attack you in melee.


   Skills:
 + Level 3.8 Fighting
 - Level 16.0 Axes
 - Level 2.4 Armour
 - Level 2.1 Dodging
 - Level 5.0 Evocations


You had 9 spell levels left.
You didn't know any spells.
Your spell library contained the following spells:

 Spells                   Type           Power      Damage    Failure   Level
 Apportation              Tloc           0%         N/A       100%        1
 Beastly Appendage        Tmut           0%         N/A       100%        1
 Sublimation of Blood     Necr           0%         N/A       100%        2
 Wereblood                Tmut           0%         N/A       100%        2
 Call Canine Familiar     Summ           0%         N/A       100%        3
 Portal Projectile        Hex/Tloc       0%         N/A       100%        3
 Spider Form              Tmut/Pois      0%         N/A       100%        3
 Leda's Liquefaction      Hex/Erth       0%         N/A       100%        4
 Alistair's Intoxication  Tmut/Pois      0%         N/A       100%        5
 Lee's Rapid Deconstruct  Erth           0%         3d5*      100%        5
 Statue Form              Tmut/Erth      0%         N/A       100%        6
 Summon Hydra             Summ           0%         N/A       100%        7

Inventory:

Hand Weapons
 p - a +1 war axe of chaos (weapon)
   (You took it off an orc on level 4 of the Dungeon)
Missiles
 d - 9 javelins (quivered)
Armour
 a - a +1 hat (worn)
   (You found it on level 8 of the Dungeon)
 j - a +0 buckler (worn)
   (You found it on level 1 of the Dungeon)
 l - a +0 cloak (worn)
   (You found it on level 2 of the Dungeon)
 o - a +0 plate armour (worn)
   (You found it on level 2 of the Dungeon)
Jewellery
 g - an amulet of regeneration (around neck)
   (You found it on level 2 of the Dungeon)
 P - a ring of poison resistance (left hand)
   (You found it on level 1 of the Dungeon)
Wands
 e - a wand of flame (7)
   (You took it off Terence on level 3 of the Dungeon)
Scrolls
 b - a scroll of enchant armour {unknown}
 n - a scroll of magic mapping {unknown}
 u - 2 scrolls of teleportation {@r4}
Potions
 c - 2 potions of curing {@q1}
 f - a potion of heal wounds {@q2}
 i - 2 potions of flight
 k - a potion of ambrosia {unknown}
 m - a potion of cancellation
 q - 2 potions of haste {unknown}
 s - 2 potions of berserk rage {!q}

Dungeon Overview and Level Annotations

Branches:
Dungeon (8/15)             Temple (0/1) D:4
   Lair: D:8-11

Altars:
Fedhas
Gozag
Nemelex Xobeh
Qazlal

Shops:
D:2 (

Annotations:
D:8 Maurice

#..............#
#..............#
#..............#+###
#..................#
#....####J#........#
#....'....#.........
#....#....#.........
#....#....#.........
#.>..#....'.@.@.....
#....#....#Z........
#....######...(.....
#....# #....#####
#.... #....# #....#
#....# #....#


You could see Maurice (ally target) and a friendly centaur zombie.


Message History

You kill the orc!
Trog accepts your kill.
An orc comes into view. It is wielding a +0 short sword.
You barely miss the orc. You slash the orc! Lightning courses through the orc!
You kill the orc!
Trog accepts your kill.
You closely miss the orc. The orc hits you but does no damage.
There is an open door, spattered with blood here.
Things that are here:
a +0 short sword; a +0 leather armour; an orc corpse You barely miss the orc.
Your headbutt misses the orc. You slash the orc! You burn the orc.
You kill the orc!
Trog accepts your kill. You block the orc's attack.
You barely miss the orc. The orc closely misses you.
You slash the orc!
You kill the orc!
Trog accepts your kill.
Things that are here:
a +0 short sword; an orc corpse You hear a distant slurping noise.
Press: ? - help, v - describe, . - travel, g - get item Item here: a glowing morningstar.
The floor.
You see here a +0 vorpal morningstar.
You open the door. You open the door.
Found an escape hatch in the floor.
A centaur comes into view.
There is an open door here.
The centaur shouts!
The centaur wields a +0 shortbow.
The centaur shoots an arrow.
The arrow hits you but does no damage.
The centaur shoots an arrow.
The arrow hits you.
You hear a shout! 😕 HP[-5]
You take 5 damage, and now have 72/77 hp.
The centaur shoots an arrow.
You block the arrow. 😕 HP[+1]
The centaur shoots an arrow.
The arrow hits you.
Maurice the Thief comes into view.
He is wielding a +0 dagger and carrying a wand of acid (12). 😕 HP[-5]
You take 5 damage, and now have 68/77 hp.
Press: ? - help, v - describe, . - travel
Here: Maurice, wielding a +0 dagger, wearing a +0 cloak and carrying a wand of acid (12)
The floor.
Throw: 10 javelins
Press: ? - help, Q - select action, (/) - cycle Shift-Dir - straight line, f - Maurice
Aim: Maurice, wielding a +0 dagger, wearing a +0 cloak and carrying a wand of acid (12) (43% to hit)
You throw a javelin. The javelin pierces through Maurice.
The centaur shoots an arrow.
The arrow hits you but does no damage.
The centaur shoots an arrow.
The arrow completely misses you. 😕 HP[+1]
The centaur shoots an arrow.
The arrow hits you.
The centaur shoots an arrow.
The arrow hits you! 😮 HP[-16]
You take 16 damage, and now have 53/77 hp.
MASSIVE DAMAGE!! (PAUSE) Maurice zaps a wand.
The bolt of acid hits you!!!
* * * LOW HITPOINT WARNING * * *
The centaur unwields a +0 shortbow.
The centaur hits you but does no damage.
The centaur kicks you but does no damage.
There is an open door here. 😱 HP[-35]
You take 35 damage, and now have 18/77 hp.
MASSIVE DAMAGE!! (PAUSE)
A red film seems to cover your vision as you go berserk!
You feel yourself moving faster!
You feel mighty!
Maurice mumbles some strange words.
Maurice blinks!
The centaur hits you but does no damage.
The centaur kicks you.
* * * LOW HITPOINT WARNING * * *
😱 HP[+9]
You now have 115 max hp (+38).
You regained 9 hp, and now have 27/115 hp.
You feel a strong urge to attack something.
The centaur wields a +0 shortbow.
The centaur shoots an arrow.
The arrow hits you but does no damage.
The centaur unwields a +0 shortbow.
The centaur hits you.
* * * LOW HITPOINT WARNING * * *
The centaur kicks you but does no damage.
You slice the centaur!! You freeze the centaur!
You kill the centaur!
Trog accepts your kill.
The centaur turns into a zombie!
Training target 5.0 for Evocations reached!
Your Evocations skill increases to level 5!
You need to enable at least one skill for training. 😱 HP[+1]
You now have 117 max hp (+2).
Unknown command.
Maurice zaps a wand.
The bolt of acid hits you!!!
You die...

Skill      XL: |  1  2  3  4  5  6  7  8  9 10 |
---------------+-------------------------------+-----
Axes           | 4 5 7 8 9 11 14 16 | 16.0
Evocations     | 4 5 |  5.0
Fighting       | |  3.8
Armour         | |  2.4
Dodging        | |  2.1

Action                   |  1- 3 |  4- 6 |  7- 9 | 10-12 || total
-------------------------+-------+-------+-------+-------++-------
Melee: Hand axe          |    96 |    66 |       |       ||   162
       Headbutt          |    11 |    22 |    37 |     2 ||    72
       War axe           |       |    48 |   194 |    20 ||   262
Throw: Javelin           |       |     4 |    11 |     1 ||    16
Invok: Berserk           |       |     2 |     7 |     1 ||    10
       Trog's Hand       |       |       |     3 |       ||     3
  Use: Scroll            |     4 |       |    11 |       ||    15
Armor: Scale mail        |    35 |       |       |       ||    35
       Plate armour      |     4 |    52 |   147 |    16 ||   219
Dodge: Dodged            |    27 |    27 |    61 |     8 ||   123
Block: Buckler           |     8 |    17 |    27 |     3 ||    55

Levels and vault maps discovered:
D:1:      dpeg_arrival_windows_large_door, layout_loops_corners,
          shapermc_ecumenical_altar_petra, serial_rivers,
          chequers_serial_rivers_micro_e, chequers_serial_rivers_micro_b,
          chequers_serial_rivers_micro_e, chequers_serial_rivers_micro_e
D:2:      layout_rooms, serial_shops, nicolae_shop_bloodbath_and_beyond
D:3:      layout_basic, lemuel_tele_altar, ebering_ghost_sewer_f,
          kennysheep_flooded_box, uniq_terence
D:4:      layout_rooms, fedhas_altar_3, minmay_temple_entry_arrows
D:5:      layout_cave_pools, mainiacjoe_overflow_tiny_flanked, st_stairs_5,
          cheibrodos_gnoll_hut, uniq_eustachio, uniq_sigmund
D:6:      layout_loops_cross, uniq_grinder
D:7:      layout_rooms, grunt_qazlal_clouds, uniq_joseph
D:8:      layout_gridville, uniq_harold, uniq_maurice

Notes
Turn   | Place    | Note
-------+----------+-------------------------------------------
     0 | D:1      | swappor the Minotaur Berserker began the quest for the Orb.
     0 | D:1      | Reached XP level 1. HP: 19/19 MP: 0/0
     0 | D:1      | magus.rc [v1.11.2]
   187 | D:1      | Reached skill level 4 in Axes
   323 | D:1      | Reached XP level 2. HP: 25/26 MP: 1/1
   417 | D:1      | Found a faded altar of an unknown god.
  1182 | D:2      | Reached skill level 5 in Axes
  1217 | D:2      | Found Umo Caf's Weapon Shop.
  1276 | D:2      | Reached XP level 3. HP: 31/31 MP: 2/2
  1374 | D:2      | Reached ** piety under Trog
  1744 | D:3      | Reached XP level 4. HP: 39/39 MP: 3/3
  1766 | D:3      | Reached skill level 6 in Axes
  1805 | D:3      | Found a runed translucent door.
  1809 | D:3      | Noticed Terence
  1820 | D:3      | Killed Terence
  2020 | D:3      | You pick up a book of Blood {forbidden} and begin
                  | reading...
  2020 | D:3      | You add the spells Sublimation of Blood, Wereblood and
                  | Summon Hydra to your library.
  2098 | D:3      | You pick up a book of the Earth {forbidden} and begin
                  | reading...
  2098 | D:3      | You add the spells Leda's Liquefaction, Lee's Rapid
                  | Deconstruction and Statue Form to your library.
  2143 | D:3      | Found a sparkling altar of Nemelex Xobeh.
  2316 | D:3      | Found a runed translucent door.
  2462 | D:3      | Noticed tvsian's ghost (amateur HOFi)
  2593 | D:3      | Killed tvsian's ghost
  2594 | D:3      | Reached skill level 7 in Axes
  2594 | D:3      | Reached XP level 5. HP: 45/45 MP: 4/4
  2634 | D:4      | Found a blossoming altar of Fedhas.
  2665 | D:4      | You pick up a book of Blood {forbidden} and begin
                  | reading...
  2772 | D:4      | Reached skill level 8 in Axes
  2772 | D:4      | Reached XP level 6. HP: 50/51 MP: 5/5
  2922 | D:4      | Reached *** piety under Trog
  2929 | D:4      | Reached skill level 9 in Axes
  2996 | D:4      | Found a staircase to the Ecumenical Temple.
  3188 | D:4      | Reached XP level 7. HP: 45/57 MP: 6/6
  3371 | D:5      | Entered Level 5 of the Dungeon
  3392 | D:4      | Reached skill level 10 in Axes
  3689 | D:5      | Noticed Eustachio
  3697 | D:5      | Killed Eustachio
  3698 | D:5      | Reached skill level 11 in Axes
  3890 | D:5      | Reached XP level 8. HP: 48/64 MP: 7/7
  4211 | D:5      | Reached skill level 12 in Axes
  4265 | D:5      | Found an opulent altar of Gozag.
  4360 | D:5      | Noticed Sigmund
  4370 | D:5      | Killed Sigmund
  4566 | D:6      | Reached skill level 13 in Axes
  4817 | D:6      | Identified the +3 robe of the Valley of Death {+Blink}
  4888 | D:6      | Noticed Grinder
  4893 | D:6      | Killed Grinder
  4894 | D:6      | Reached skill level 14 in Axes
  5045 | D:6      | Reached XP level 9. HP: 67/70 MP: 8/8
  5313 | D:6      | You pick up a book of Changes {forbidden} and begin
                  | reading...
  5313 | D:6      | You add the spells Beastly Appendage and Spider Form to
                  | your library.
  5598 | D:7      | Reached skill level 15 in Axes
  5649 | D:7      | Found a stormy altar of Qazlal.
  5722 | D:7      | Noticed Joseph
  5732 | D:7      | HP: 15/70 [something (4)]
  5733 | D:7      | HP: 6/70 [something (4)]
  5892 | D:7      | Killed an unseen horror
  5893 | D:7      | Reached skill level 16 in Axes
  5932 | D:7      | You pick up a book of Party Tricks {forbidden} and begin
                  | reading...
  5932 | D:7      | You add the spells Apportation and Alistair's Intoxication
                  | to your library.
  5980 | D:7      | Reached skill level 1 in Evocations
  6004 | D:7      | Reached skill level 2 in Evocations
  6225 | D:7      | Killed Joseph
  6226 | D:7      | Reached skill level 4 in Evocations
  6282 | D:7      | Reached **** piety under Trog
  6514 | D:8      | Reached XP level 10. HP: 74/77 MP: 9/9
  6562 | D:8      | You pick up a book of the Hunter {forbidden} and begin
                  | reading...
  6562 | D:8      | You add the spells Call Canine Familiar and Portal
                  | Projectile to your library.
  6768 | D:8      | Noticed Maurice
  6771 | D:8      | HP: 18/77 [Maurice/bolt of acid (36)]
  6776 | D:8      | Reached skill level 5 in Evocations
  6776 | D:8      | Killed from afar by Maurice

Vanquished Creatures
  Joseph (D:7)
  An unseen horror (D:7)
  Grinder (D:6)
  Sigmund (D:5)
  Eustachio (D:5)
  A steam dragon (D:8)
  2 water moccasins
  A black bear (D:5)
  An orc warrior (D:6)
  2 ice beasts
  The ghost of tvsian the Chopper, an amateur HOFi (D:3)
  2 ogres
  2 sky beasts
  3 necrophages
  3 centaurs
  A kobold brigand (D:7)
  2 phantoms
  A bullfrog (D:7)
  A gnoll sergeant (D:6)
  2 scorpions
  A water moccasin skeleton (D:6)
  2 howler monkeys (D:7)
  4 hounds
  A bullfrog zombie (D:6)
  2 bullfrog skeletons
  A centaur zombie (D:4)
  A gnoll shaman (D:4)
  4 orc priests
  Terence (D:3)
  2 iguanas
  An orc wizard (D:7)
  A hound skeleton (D:4)
  8 gnolls
  A river rat (D:3)
  4 adders
  A shadow imp (D:6)
  3 ufetubi
  An adder skeleton (D:4)
  2 worms
  4 dart slugs
  15 orcs
  5 bats
  9 endoplasms
  5 giant cockroaches
  8 goblins
  7 hobgoblins
  A jackal (D:4)
  4 quokkas
  7 ball pythons
  3 frilled lizards
  6 kobolds
  6 rats
151 creatures vanquished.

Table legend:
 A = Non-vault XP
 B = Vault XP
 C = Vault XP percentage of total XP
 D = Non-vault monster count
 E = Vault monster count
 F = Vault count percentage of total count
                 A         B        C        D         E       F
            +---------+---------+-------+---------+---------+-------
      Total |    4161 |    1687 |  28.8 |     137 |      15 |   9.9
            +---------+---------+-------+---------+---------+-------
        D:1 |      27 |       0 |   0.0 |      14 |       0 |   0.0
        D:2 |      68 |       0 |   0.0 |      23 |       0 |   0.0
        D:3 |     100 |     179 |  64.2 |      14 |       5 |  26.3
        D:4 |     365 |     124 |  25.4 |      25 |       2 |   7.4
        D:5 |     500 |     639 |  56.1 |      12 |       6 |  33.3
        D:6 |    1049 |     300 |  22.2 |      22 |       1 |   4.3
        D:7 |    1602 |     445 |  21.7 |      20 |       1 |   4.8
        D:8 |     450 |       0 |   0.0 |       7 |       0 |   0.0
            +---------+---------+-------+---------+---------+-------

Illustrated notes

Table legend:
 A = Kills in this place as a percentage of kills in entire the game.
 B = Kills by you in this place as a percentage of kills by you in the entire game.
 C = Kills by friends in this place as a percentage of kills by friends in the entire game.
 D = Other kills in this place as a percentage of other kills in the entire game.
 E = Experience gained in this place as a percentage of experience gained in the entire game.
 F = Experience gained in this place divided by the number of levels of this place that you have seen.
                   A       B       C       D       E      F
               +-------+-------+-------+-------+-------+----------------------
         Total | 100.0 | 100.0 |   N/A | 100.0 | 100.0 | 731.0
       Dungeon | 100.0 | 100.0 |   N/A | 100.0 | 100.0 | 731.0
               +-------+-------+-------+-------+-------+----------------------

Table legend: (Time is in decaauts)
 A = Elapsed time spent in this place.
 B = Non-inter-level travel time spent in this place.
 C = Inter-level travel time spent in this place.
 D = Time resting spent in this place.
 E = Time spent auto-exploring this place.
 F = Levels seen in this place.
 G = Mean time per level.
                   A        B        C        D        E       F      G
               +--------+--------+--------+--------+--------+-----+--------+
         Total |   6901 |   6680 |    221 |    928 |   3607 |   8 |  862.6 |
       Dungeon |   6901 |   6680 |    221 |    928 |   3607 |   8 |  862.6 |
               +--------+--------+--------+--------+--------+-----+--------+

Top non-repeatable levels by time:
     D:6: 1246 daAuts
     D:5: 1178 daAuts
     D:1: 1078 daAuts
     D:3: 964 daAuts
     D:4: 773 daAuts
     D:2: 671 daAuts
     D:7: 667 daAuts
     D:8: 323 daAuts
